 Dungeon Crawl Stone Soup version 0.25-a0-822-g6581751 (webtiles) character file.

Game seed: 5483273586434533506, levelgen mode: deterministic

79 BlueFish the Magician (level 4, -1/32 HPs)
             Began as a Mummy Wizard on Apr 21, 2020.
             Hit by a stone thrown by a gnoll (5 damage)
             ... on level 2 of the Dungeon.
             The game lasted 00:05:29 (2217 turns).

BlueFish the Magician (Mummy Wizard)                Turns: 2217, Time: 00:05:29

Health: -1/32      AC:  2    Str: 10    XL:     4   Next: 16%
Magic:  2/10       EV: 12    Int: 18    God:
Gold:   136        SH:  0    Dex: 10    Spells: 2/12 levels left

rFire    . . .     SeeInvis .   e - +0 whip
rCold    + + .     Gourm    .   (no shield)
rNeg     + + +     Faith    .   a - +0 robe
rPois    ∞         Spirit   .   b - +0 hat
rElec    .         Reflect  .   d - scarf {rC+ rF+}
rCorr    .         Harm     .   (no gloves)
MR       .....                  (no boots)
Stlth    ++........             (no amulet)
HPRegen  0.10/turn              i - ring of flight
MPRegen  0.12/turn              (no ring)

@: no status effects
A: no food or potions, fire vulnerability, cold resistance 1, negative energy
resistance 3, torment resistance, unbreathing
a: Evoke Flight


You were on level 2 of the Dungeon.
You were not hungry.

You visited 1 branch of the dungeon, and saw 2 of its levels.

You collected 136 gold pieces.

Inventory:

Hand Weapons
 e - a +0 whip (weapon)
Armour
 a - a +0 robe (worn)
 b - a +0 hat (worn)
 d - a scarf of resistance (worn)
Jewellery
 i - a ring of flight (left hand)
Scrolls
 c - 2 scrolls of noise
 f - a scroll of amnesia
 g - a scroll of teleportation {unknown}
 h - a scroll of enchant armour
 j - a scroll of remove curse {unknown}


   Skills:
 * Level 1.5 Fighting
 + Level 1.0 Maces & Flails
 * Level 1.8 Dodging
 * Level 2.0 Stealth
 * Level 4.8 Spellcasting
 + Level 1.0 Conjurations
 + Level 0.7 Summonings
 + Level 0.7 Translocations
 + Level 0.3 Air Magic


You had 2 spell levels left.
You knew the following spells:

 Your Spells              Type           Power        Failure   Level  Hunger
a - Magic Dart            Conj           #...         9%          1    N/A
b - Blink                 Tloc           N/A          16%         2    N/A
c - Call Imp              Summ           #.......     16%         2    N/A
d - Slow                  Hex            #.......     21%         2    N/A
e - Mephitic Cloud        Conj/Pois/Air  #.......     32%         3    N/A

Your spell library contained the following spells:

 Spells                   Type           Power        Failure   Level  Hunger
 Conjure Flame            Conj/Fire      #.......     32%         3    N/A

Dungeon Overview and Level Annotations

Branches:
Dungeon (2/15)

Altars:


Innate Abilities, Weirdness & Mutations

You do not eat or drink.
Your flesh is vulnerable to fire.
You are immune to poison.
Your flesh is cold resistant. (rC+)
You are immune to negative energy. (rN+++)
You are immune to unholy pain and torment.
You can survive without breathing.


Message History

You barely miss the gnoll.
The gnoll is heavily wounded.
The gnoll closely misses you.
You barely miss the gnoll.
The gnoll is heavily wounded.
The gnoll hits you with a +0 mace.
You hit the gnoll.
The gnoll is heavily wounded.
The gnoll hits you with a +0 mace!
* * * LOW HITPOINT WARNING * * *
The gnoll throws a stone.
The stone barely misses you.
The gnoll throws a stone.
The stone misses you.
A worm comes into view.
The gnoll throws a stone.
The stone hits you.
* * * LOW HITPOINT WARNING * * *
Found a dagger.
You see here a stone.
A kobold comes into view. It is wielding a +0 dagger.
The gnoll throws a stone.
The stone hits you.
You die...

..####.#####.#
#.##.##)# ..# #.#
#.# ......##.# ..#
#.# #.# K#.>.....#
..# #.# #.#
.#########
..####.#####.# .#
.....).......# .#
..####.####### .#
.#.....##########.#
###.....>.gg...(@(#
#.###.#########..#
..# #.# #..# .. ..#
#..# . .?.# #.w# .
..... .... .....#
..... ......# .....


You could see a worm, 2 gnolls and a kobold.

Vanquished Creatures
  3 adders (D:2)
  A gnoll (D:2)
  An ooze (D:2)
  3 giant cockroaches
  4 hobgoblins (D:1)
  4 jackals (D:1)
  10 kobolds
  6 bats
  4 goblins
  2 rats
38 creatures vanquished.

Notes
Turn   | Place    | Note
-------+----------+-------------------------------------------
     0 | D:1      | BlueFish the Mummy Wizard began the quest for the Orb.
     0 | D:1      | Reached XP level 1. HP: 13/13 MP: 5/5
   303 | D:1      | Reached XP level 2. HP: 20/20 MP: 0/7
   328 | D:1      | Learned a level 2 spell: Blink
   331 | D:1      | Learned a level 2 spell: Call Imp
   334 | D:1      | Learned a level 2 spell: Slow
  1510 | D:1      | Reached XP level 3. HP: 25/25 MP: 6/9
  1515 | D:1      | Learned a level 3 spell: Mephitic Cloud
  1802 | D:2      | Reached skill level 1 in Conjurations
  1984 | D:2      | Reached skill level 1 in Fighting
  2125 | D:2      | Reached skill level 1 in Maces & Flails
  2125 | D:2      | Reached XP level 4. HP: 32/32 MP: 3/10
  2217 | D:2      | Hit by a stone thrown by a gnoll

Levels and vault maps discovered:
D:1:      ebering_trefoil_twist, layout_basic, minmay_indecisive_spiral
D:2:      layout_loops_ring, lemuel_round_altar, nicolae_tso_swordbearing_angel

Skill      XL: |  1  2  3 |
---------------+----------+-----
Stealth        | 2 |  2.0
Conjurations   | 1 |  1.0
Fighting       | 1 |  1.5
Maces & Flails | 1 |  1.0
Dodging        | |  1.8
Spellcasting   | |  4.8
Summonings     | |  0.7
Translocations | |  0.7
Air Magic      | |  0.3

Action                   |  1- 3 |  4- 6 || total
-------------------------+-------+-------++-------
Melee: Whip              |    81 |     8 ||    89
       Mace              |     2 |       ||     2
 Cast: Magic Dart        |    87 |    12 ||    99
       Mephitic Cloud    |     1 |       ||     1
  Use: Scroll            |     3 |       ||     3
 Stab: Distracted        |     1 |       ||     1
Armor: Robe              |    14 |       ||    14
Dodge: Dodged            |    87 |     8 ||    95

Table legend:
 A = Non-vault XP
 B = Vault XP
 C = Vault XP percentage of total XP
 D = Non-vault monster count
 E = Vault monster count
 F = Vault count percentage of total count
                 A         B        C        D         E       F
            +---------+---------+-------+---------+---------+-------
      Total |     107 |       6 |   5.3 |      34 |       4 |  10.5
            +---------+---------+-------+---------+---------+-------
        D:1 |      35 |       6 |  14.6 |      22 |       4 |  15.4
        D:2 |      72 |       0 |   0.0 |      12 |       0 |   0.0
            +---------+---------+-------+---------+---------+-------
